 Dungeon Crawl Stone Soup version 0.28.0-45-g0d030f2227 (webtiles) character file.

Game seed: 2367090554630080649

2102 Peloso the Carver (level 9, -6/75 HPs)
             Began as a Minotaur Fighter on Apr 1, 2022.
             Was a Believer of Okawaru.
             Mangled by an ogre
             ... wielding a +0 giant spiked club
              (11 damage)
             ... on level 7 of the Dungeon.
             The game lasted 00:09:05 (6447 turns).

Peloso the Carver (Minotaur Fighter)                Turns: 6447, Time: 00:09:06

Health: -6/75      AC: 17    Str: 23    XL:     9   Next: 7%
Magic:  8/8        EV:  9    Int:  5    God:    Okawaru [**....]
Gold:   289        SH:  5    Dex: 12    Spells: 8/8 levels left

rFire   . . .      SeeInvis .   a - +0 long sword
rCold   . . .      Faith    .   c - +0 buckler
rNeg    . . .      Spirit   .   k - +0 chain mail
rPois   .          Reflect  .   (helmet restricted)
rElec   .          Harm     .   m - +1 cloak
rCorr   .          Rampage  .   v - +1 pair of gloves
Will    .....                   f - +0 pair of boots
Stlth   ..........              (no amulet)
HPRegen 0.22/turn               (no ring)
MPRegen 0.11/turn               (no ring)

@: mighty
A: horns 2, retaliatory headbutt
a: Renounce Religion, Heroism


You were on level 7 of the Dungeon.
You worshipped Okawaru.
Okawaru was pleased with you.
You visited 2 branches of the dungeon, and saw 8 of its levels.

You collected 289 gold pieces.

Inventory:

Hand Weapons
 a - a +0 long sword (weapon)
 n - a +0 hand crossbow
Missiles
 g - a throwing net (quivered)
Armour
 b - a +0 scale mail
 c - a +0 buckler (worn)
 f - a +0 pair of boots (worn)
 k - a +0 chain mail (worn)
 m - a +1 cloak (worn)
 v - a +1 pair of gloves (worn)
Jewellery
 j - a ring of wizardry
 t - a ring of willpower
Scrolls
 e - 2 scrolls of noise
 l - a scroll of torment {unknown}
 p - a scroll of enchant weapon {unknown}
 s - 3 scrolls of fear {unknown}
 u - a scroll of teleportation {unknown}
 w - a scroll of identify
 y - a scroll of vulnerability {unknown}
Potions
 d - a potion of might
 h - 3 potions of flight {unknown}
 i - a potion of brilliance
 o - a potion of cancellation {unknown}
 q - 2 potions of curing {unknown}
 r - a potion of degeneration {unknown}
 x - 2 potions of attraction {unknown}
 z - a potion of lignification {unknown}


   Skills:
 + Level 6.0 Fighting
 + Level 9.1 Long Blades
 + Level 8.6 Armour
 + Level 3.3 Dodging
 + Level 1.0 Stealth
 + Level 6.0 Shields


You had 8 spell levels left.
You didn't know any spells.
Your spell library contained the following spells:

 Spells                   Type           Power      Damage    Failure   Level
 Sandblast                Erth           0%         2d4       99%         1
 Passwall                 Tmut/Erth      0%         N/A       99%         2
 Ozocubu's Armour         Ice            0%         N/A       100%        3
 Stone Arrow              Conj/Erth      0%         3d7       100%        3
 Ozocubu's Refrigeration  Ice            0%         4d5       100%        7


Dungeon Overview and Level Annotations

Branches:
Dungeon (7/15)             Temple (1/1) D:6

Altars:
Cheibriados
Elyvilon
Fedhas
Hepliaklqana
Kikubaaqudgha
Nemelex Xobeh
Okawaru
Qazlal
Sif Muna
Vehumet
Wu Jian
Xom
Yredelemnul
Zin

Shops:
D:1 [

Annotations:
D:2 1 runed translucent door, Crazy Yiuf
D:6 1 runed translucent door, Faeu's ghost, novice MiFi


Innate Abilities, Weirdness & Mutations

You have a pair of horns on your head.
You reflexively headbutt those who attack you in melee.


Message History

You aren't carrying any items that you can evoke.
Unknown command.
The two-headed ogre shouts in stereo!
An ogre comes into view. It is wielding a +0 giant spiked club.
The ogre shouts!
There is a stone staircase leading up here.
You feel very mighty all of a sudden.
The two-headed ogre hits you with a +0 giant spiked club!!
The two-headed ogre hits you with a +0 giant spiked club!
You slash the two-headed ogre!
The two-headed ogre is lightly wounded.
You barely miss the two-headed ogre.
The two-headed ogre is lightly wounded.
The two-headed ogre barely misses you. You furiously retaliate!
You headbutt the two-headed ogre!
The two-headed ogre hits you with a +0 giant spiked club!!
* * * LOW HITPOINT WARNING * * *
You closely miss the two-headed ogre. You headbutt the two-headed ogre!
The two-headed ogre is severely wounded.
You block the two-headed ogre's attack.
The two-headed ogre hits you with a +0 giant spiked club!
* * * LOW HITPOINT WARNING * * *
You slash the two-headed ogre! You headbutt the two-headed ogre!
You kill the two-headed ogre!
Okawaru is honoured by your kill.
You can now gain great but temporary skills.
Your Fighting skill increases to level 6!
Your Long Blades skill increases to level 9!
Your Armour skill increases to level 8!
Your Stealth skill increases to level 1!
Your Shields skill increases to level 6!
You have reached level 9!
Your experience leads to an increase in your attributes!
Increase (S)trength, (I)ntelligence, or (D)exterity?
You feel stronger. x2
Okay, then.
You slash the ogre! Your headbutt misses the ogre.
The ogre is heavily wounded.
The ogre hits you with a +0 giant spiked club!
You die...

#.# #.# #.. ..######### #.#
###.#........
#.#####.#.#.##########
#########.#.....#.#.##.......####
............###.#....#.......##..
............# #.#....#...........
............###.#O...<...........
............##..@#...####........
............##...#...............
............##...#...#......#....
.>..........##..............#.#..
.................#.#.#......#.#.#
..................<..............
.................#.#........#.#..
####....###....###.#.#......# #
............#..# #..........#


You could see an ogre.

Vanquished Creatures
  A two-headed ogre (D:7)
  A water moccasin (D:4)
  A sky beast (D:6)
  A black bear (D:4)
  A hornet zombie (D:5)
  An ice beast (D:4)
  2 phantoms
  2 bullfrogs
  A wyvern skeleton (D:5)
  5 orc priests
  2 bullfrog skeletons
  A centaur zombie (D:5)
  3 hounds
  A centaur skeleton (D:6)
  2 iguanas
  4 orc wizards
  A killer bee zombie (D:5)
  5 adders
  4 gnolls (D:5)
  A shadow imp (D:4)
  2 worms
  16 orcs
  5 ball pythons
  5 endoplasms
  2 giant cockroaches
  6 goblins
  8 hobgoblins
  5 kobolds
  2 quokkas
  3 bats
  2 frilled lizards
  2 rats (D:1)
98 creatures vanquished.

Notes
Turn   | Place    | Note
-------+----------+-------------------------------------------
     0 | D:1      | Peloso the Minotaur Fighter began the quest for the Orb.
     0 | D:1      | Reached XP level 1. HP: 19/19 MP: 0/0
    82 | D:1      | Found Fosiz's Armour Shop.
   293 | D:1      | Reached XP level 2. HP: 27/27 MP: 1/1
  1055 | D:2      | Found a faded altar of an unknown god.
  1253 | D:2      | Reached XP level 3. HP: 33/33 MP: 2/2
  1361 | D:2      | Found a runed translucent door.
  1362 | D:2      | Noticed Crazy Yiuf
  1980 | D:3      | Reached skill level 3 in Long Blades
  2437 | D:4      | Reached XP level 4. HP: 37/40 MP: 3/3
  2684 | D:3      | Reached skill level 4 in Long Blades
  2684 | D:3      | Reached skill level 5 in Armour
  2684 | D:3      | Reached XP level 5. HP: 47/47 MP: 4/4
  3098 | D:5      | Entered Level 5 of the Dungeon
  3203 | D:5      | Reached skill level 1 in Dodging
  3289 | D:5      | Reached XP level 6. HP: 53/53 MP: 5/5
  3378 | D:5      | HP: 1/53 [orc priest/divine providence (11)]
  3706 | D:5      | Noticed a water moccasin
  4057 | D:4      | Reached skill level 5 in Long Blades
  4461 | D:4      | Reached XP level 7. HP: 40/60 MP: 6/6
  4665 | D:4      | Identified the +1 ring mail of Wasted Space {Fly}
  4968 | D:4      | Reached skill level 6 in Long Blades
  4968 | D:4      | Reached skill level 5 in Shields
  5180 | D:5      | Reached skill level 5 in Fighting
  5286 | D:5      | Reached skill level 7 in Long Blades
  5286 | D:5      | Reached XP level 8. HP: 52/68 MP: 7/7
  5682 | D:6      | Found a staircase to the Ecumenical Temple.
  5709 | Temple   | Entered the Ecumenical Temple
  5819 | Temple   | Became a worshipper of Warmaster Okawaru
  5883 | D:6      | Found a runed translucent door.
  5888 | D:6      | Noticed Faeu's ghost (novice MiFi)
  6163 | D:7      | Reached skill level 8 in Long Blades
  6171 | D:7      | Noticed a two-headed ogre
  6446 | D:7      | Killed a two-headed ogre
  6446 | D:7      | Reached * piety under Okawaru
  6446 | D:7      | Reached ** piety under Okawaru
  6447 | D:7      | Reached skill level 9 in Long Blades
  6447 | D:7      | Reached skill level 1 in Stealth
  6447 | D:7      | Reached XP level 9. HP: 5/75 MP: 8/8
  6447 | D:7      | Mangled by an ogre

Illustrated notes

Levels and vault maps discovered:
D:1:      pf_arrival_petrified_forest, layout_loops_corners, serial_shops,
          nicolae_shop_hallway_stairs
D:2:      layout_rooms, basic_ecumenical_altar, serial_bayou_pond_a,
          uniq_crazy_yiuf_cottage
D:3:      layout_loops_corners
D:4:      black_bear_nest_2, layout_basic, grunt_ministairs_8
D:5:      layout_rooms, minmay_misc_feat_rows, chequers_serial_rivers_large_b
D:6:      layout_rooms, minmay_temple_entry_arrows,
          ebering_ghost_reflecting_pool, minmay_misc_feat_pillars
D:7:      nicolae_cairo_tiling, layout_basic
Temple:   mainiacjoe_temple_circle_huts

Skill      XL: |  1  2  3  4  5  6  7  8 |
---------------+-------------------------+-----
Shields        | 4 5 6 |  6.0
Fighting       | 4 5 6 |  6.0
Armour         | 4 5 6 7 8 |  8.6
Long Blades    | 3 4 5 7 9 |  9.1
Dodging        | 2 3 |  3.3
Stealth        | 1 |  1.0

Action                   |  1- 3 |  4- 6 |  7- 9 || total
-------------------------+-------+-------+-------++-------
Melee: Long sword        |    70 |   116 |   126 ||   312
       Headbutt          |    13 |    13 |    26 ||    52
  Use: Scroll            |       |     2 |     1 ||     3
       Potion            |       |     1 |     1 ||     2
Armor: Chain mail        |    39 |   103 |    84 ||   226
       Scale mail        |     2 |       |       ||     2
Dodge: Dodged            |    34 |    55 |    40 ||   129
Block: Buckler           |    13 |    26 |    26 ||    65
